 Dungeon Crawl Stone Soup version 0.25.1-9-gc5326a611f (webtiles) character file.

Game seed: 6033254094132504049

1228 sankara the Firebug (level 8, 0/42 HPs)
             Began as a Gargoyle Fire Elementalist on Jan 1, 2021.
             Was an Initiate of Vehumet.
             Slain by an iron imp (4 damage)
             ... on level 5 of the Dungeon.
             The game lasted 00:34:10 (8678 turns).

sankara the Firebug (Gargoyle Fire Elementalist)    Turns: 8678, Time: 00:34:10

Health: 0/42       AC:  8    Str: 13    XL:     8   Next: 48%
Magic:  0/13       EV: 12    Int: 17    God:    Vehumet [......]
Gold:   288        SH:  0    Dex: 10    Spells: 0/14 levels left

rFire    + + .     SeeInvis .   a - +0 dagger
rCold    x . .     Gourm    .   (no shield)
rNeg     + . .     Faith    .   d - +0 robe
rPois    ∞         Spirit   .   G - +0 helmet
rElec    +         Reflect  .   (no cloak)
rCorr    .         Harm     .   (no gloves)
MR       .....                  (no boots)
Stlth    +++.......             (no amulet)
HPRegen  0.14/turn              h - ring of fire
MPRegen  0.13/turn              q - ring of protection from fire

@: very slightly contaminated
A: negative energy resistance 1, electricity resistance, unbreathing,
petrification resistance, rot immunity, AC +5
a: Renounce Religion


You were on level 5 of the Dungeon.
You worshipped Vehumet.
Vehumet was noncommittal.
You were very hungry.

You visited 2 branches of the dungeon, and saw 7 of its levels.

You collected 288 gold pieces.

Inventory:

Hand Weapons
 a - a +0 dagger (weapon)
Missiles
 g - 75 stones (quivered)
 m - 6 curare-tipped darts
 w - 4 poisoned darts
 z - 57 sling bullets
Armour
 d - a +0 robe (worn)
 l - a +2 ring mail of fire resistance
 p - a -1 robe
 G - a +0 helmet (worn)
Magical Staves
 J - an uncursed staff of poison
Jewellery
 h - a ring of fire (left hand)
 q - a ring of protection from fire (right hand)
 C - an uncursed amulet of guardian spirit
Wands
 x - a wand of polymorph (3)
Scrolls
 e - 4 scrolls of identify
 f - a scroll of blinking
 t - a scroll of enchant weapon {unknown}
 v - a scroll of teleportation {unknown}
 y - 2 scrolls of immolation {unknown}
 A - a scroll of fear {unknown}
 B - a scroll of magic mapping {unknown}
 D - 2 scrolls of enchant armour {unknown}
 F - a scroll of fog {unknown}
 I - a scroll of amnesia
Potions
 b - 4 potions of curing
 i - a potion of heal wounds {unknown}
 j - a potion of flight
 k - 3 potions of degeneration {unknown}
 n - a potion of magic {unknown}
 o - a potion of stabbing {unknown}
 r - a potion of cancellation {unknown}
 s - a potion of resistance
 u - a potion of brilliance {unknown}
 E - a potion of berserk rage {unknown}
 H - 2 potions of lignification {unknown}
Comestibles
 c - 8 rations


   Skills:
 + Level 0.3 Fighting
 + Level 0.3 Short Blades
 + Level 3.0 Dodging
 - Level 5.0 Stealth
 - Level 3.5 Spellcasting
 + Level 6.1 Conjurations
 + Level 6.2 Fire Magic
 + Level 0.4 Earth Magic


You couldn't memorise any spells.
You knew the following spells:

 Your Spells              Type           Power        Failure   Level  Hunger
a - Foxfire               Conj/Fire      ####         1%          1    None
b - Conjure Flame         Conj/Fire      #####...     4%          3    ###....
c - Sticky Flame          Conj/Fire      #####...     13%         4    ####...
d - Fireball              Conj/Fire      #####.....   36%         5    ######.
e - Sandblast             Erth           #.....       14%         1    None

Your spell library contained the following spells:

 Spells                   Type           Power        Failure   Level  Hunger
 Inner Flame              Hex/Fire       ###.....     14%         3    ###....
 Animate Skeleton         Necr           N/A          17%         1    None
 Pain                     Necr           #...         17%         1    None
 Vampiric Draining        Necr           #.........   45%         3    ###....
 Animate Dead             Necr           N/A          86%         4    ####...
 Agony                    Necr           #.......     99%         5    ######.


Dungeon Overview and Level Annotations

Branches:
Dungeon (6/15)             Temple (1/1) D:4

Altars:
Ashenzari
Cheibriados
Dithmenos
Fedhas
Gozag
Hepliaklqana
Kikubaaqudgha
Nemelex Xobeh
Okawaru
Qazlal
Trog
Uskayaw
Vehumet
Wu Jian
Xom
Yredelemnul
Zin
The Shining One

Shops:
D:5 [   D:6 [

Annotations:
D:3 2 transporters
D:4 3 runed translucent doors, TotesWizzard's ghost, amateur DsBe


Innate Abilities, Weirdness & Mutations

You are resistant to torment.
Your stone body is resilient. (AC +5)
You are immune to poison.
You resist negative energy. (rN+)
You are resistant to electric shocks. (rElec)
You can survive without breathing.
You are immune to petrification.
You are immune to rotting.


Message History

Press: ? - help, Shift-Dir - straight line, f/p - iron imp
Aim: an iron imp (almost dead)
The blast of sand hits the iron imp but does no damage.
The iron imp is almost dead.
g - 75 stones The iron imp hits you!
* * * LOW HITPOINT WARNING * * *
Casting: Sandblast (safe; 14% risk of failure)
Confirm with . or Enter, or press ? or * to list all spells.
You don't have enough magic to cast that spell.
Unknown command.
Casting: Sandblast (safe; 14% risk of failure)
Confirm with . or Enter, or press ? or * to list all spells.
You don't have enough magic to cast that spell.
Unknown command.
You are too injured to fight recklessly!
You hit the iron imp but do no damage.
The iron imp is almost dead.
The iron imp hits you.
You die...

#.# ##### #.# #...#
#.###########...########
#.##...........).....).#
##.##.#####.........###.#
...##.####..........# #.#
.........#..........# #.#
..###.##.#.###...#### #.#
#.###.##.#.# #..@# #.#
...........# #.5.# #.###
...........#####.######.).#
####.................####)#
# #.................# #.# #
####...#########..# #.# #
#.(## #..# #.# # #..# #..#
#.# # #..### #..# #.#


You could see an iron imp.

Vanquished Creatures
  Menkaure (D:5)
  A black bear (D:6)
  2 ogres
  A phantom (D:5)
  A centaur (D:5)
  2 scorpions (D:5)
  A quasit (D:5)
  A centaur zombie (D:5)
  A jelly (D:5)
  An orc priest (D:5)
  3 hounds
  A centaur skeleton (D:5)
  Jessica (D:2)
  Terence (D:2)
  4 orc wizards
  Ijyb (D:2)
  4 gnolls (D:5)
  7 adders
  2 adder skeletons
  A worm (D:4)
  4 leopard geckos
  9 orcs
  A giant cockroach (D:2)
  7 goblins
  10 hobgoblins
  3 jackals (D:4)
  4 kobolds
  4 quokkas
  3 bats
  3 frilled lizards (D:2)
  A giant cockroach zombie (D:5)
  3 rats
89 creatures vanquished.

Vanquished Creatures (others)
  368 foxfires
  7 plants (D:3)
375 creatures vanquished.

Grand Total: 464 creatures vanquished

Notes
Turn   | Place    | Note
-------+----------+-------------------------------------------
     0 | D:1      | sankara the Gargoyle Fire Elementalist began the quest for
                  | the Orb.
     0 | D:1      | Reached XP level 1. HP: 10/10 MP: 3/3
     8 | D:1      | Found a shimmering altar of Xom.
   354 | D:1      | Reached XP level 2. HP: 15/15 MP: 3/5
   913 | D:2      | Found an ornate altar of the Wu Jian Council.
   936 | D:2      | Reached XP level 3. HP: 12/19 MP: 2/6
  1237 | D:2      | Noticed Terence
  1280 | D:2      | Killed Terence
  1382 | D:2      | Reached XP level 4. HP: 24/24 MP: 4/7
  1445 | D:2      | Learned a level 3 spell: Conjure Flame
  1474 | D:2      | Noticed Jessica
  1479 | D:2      | Killed Jessica
  2060 | D:3      | Found an iron altar of Okawaru.
  2119 | D:3      | Found a glowing golden altar of the Shining One.
  2125 | D:3      | Reached XP level 5. HP: 28/28 MP: 5/8
  2135 | D:3      | Learned a level 4 spell: Sticky Flame
  2279 | D:3      | Found a transporter.
  2296 | D:3      | Identified the +8 halberd of the Fox {chaos, rN+}
  2371 | D:3      | Found a transporter.
  2425 | D:3      | Noticed Ijyb
  2746 | D:2      | Killed Ijyb
  3737 | D:4      | Noticed an ogre
  3746 | D:4      | Killed an ogre
  3746 | D:4      | Reached XP level 6. HP: 16/32 MP: 1/10
  4034 | D:4      | Found a blossoming altar of Fedhas.
  4034 | D:4      | Found a sparkling altar of Nemelex Xobeh.
  4034 | D:4      | Found a glowing silver altar of Zin.
  4034 | D:4      | Found a shadowy altar of Dithmenos.
  4042 | D:4      | Found a radiant altar of Vehumet.
  4044 | D:4      | Found a shimmering altar of Xom.
  4058 | D:4      | Became a worshipper of Vehumet
  4154 | D:4      | Found a runed translucent gate.
  4155 | D:4      | Found a runed translucent gate.
  4156 | D:4      | Found a runed translucent gate.
  4158 | D:4      | Found an opulent altar of Gozag.
  4159 | D:4      | Noticed TotesWizzard's ghost (amateur DsBe)
  4348 | D:4      | Found a staircase to the Ecumenical Temple.
  4355 | Temple   | Entered the Ecumenical Temple
  5090 | D:5      | Entered Level 5 of the Dungeon
  5141 | D:5      | Reached XP level 7. HP: 22/36 MP: 3/11
  5352 | D:5      | Noticed Menkaure
  5358 | D:5      | Killed Menkaure
  5358 | D:5      | Reached skill level 5 in Fire Magic
  5650 | D:5      | Reached skill level 5 in Conjurations
  6195 | D:5      | Reached XP level 8. HP: 41/41 MP: 7/12
  6344 | D:5      | Learned a level 5 spell: Fireball
  6526 | D:5      | Reached skill level 5 in Stealth
  6532 | D:5      | Reached * piety under Vehumet
  6532 | D:5      | Offered knowledge of Sandblast by Vehumet.
  7391 | D:6      | Learned a level 1 spell: Sandblast
  7573 | D:6      | Found Kioneff's Armour Shop.
  8678 | D:5      | Slain by an iron imp

Illustrated notes

Levels and vault maps discovered:
D:1:      dpeg_arrival_lava_altar, layout_loops_cross
D:2:      layout_basic, lemuel_round_altar, uniq_terence, uniq_jessica
D:3:      layout_loops_corners, overflow_temple_1_default,
          gammafunk_ghost_gnarly_gnolls, serial_park_tiny_2, okawaru_trees_1,
          uniq_ijyb
D:4:      layout_loops_ring, minmay_overflow_temple_hex,
          minmay_temple_entry_purple_smoke, ebering_ghost_gozag,
          hangedman_decor_growths
D:5:      layout_loops_ring, first_ration, uniq_menkaure
D:6:      layout_basic, serial_shops, nicolae_shop_statue_plus
Temple:   jpeg_temple_island

Skill      XL: |  1  2  3  4  5  6  7  8 |
---------------+-------------------------+-----
Dodging        | 2 3 |  3.0
Conjurations   | 2 3 4 5 6 |  6.1
Stealth        | 3 4 5 |  5.0
Fire Magic     | 4 5 6 |  6.2
Spellcasting   | 3 |  3.5
Fighting       | |  0.3
Short Blades   | |  0.3
Earth Magic    | |  0.4

Action                   |  1- 3 |  4- 6 |  7- 9 || total
-------------------------+-------+-------+-------++-------
Melee: Dagger            |    40 |   137 |   421 ||   598
 Cast: Foxfire           |    29 |   100 |    80 ||   209
       Sticky Flame      |       |     1 |     3 ||     4
       Conjure Flame     |       |       |     2 ||     2
       Sandblast         |       |       |    41 ||    41
Evoke: Wand              |       |       |    16 ||    16
  Use: Scroll            |       |     5 |       ||     5
 Stab: Sleeping          |     1 |       |       ||     1
  Eat: Chunk             |     1 |    13 |     5 ||    19
       Ration            |       |       |     2 ||     2
Armor: Robe              |    11 |    59 |   161 ||   231
Dodge: Dodged            |    31 |   115 |   263 ||   409
